 Dungeon Crawl Stone Soup version 0.27-a0-1416-g941b2bd30b (webtiles) character file.

Game seed: 10608482696239746472

3357 Brandom the Grappler (level 9, 0/92 HPs)
             Began as a Troll Delver on June 30, 2021.
             Was a Believer of Makhleb.
             Slain by a lorocyproca (20 damage)
             ... on level 1 of the Abyss on July 1, 2021.
             The game lasted 00:22:24 (5164 turns).

Brandom the Grappler (Troll Delver)                 Turns: 5164, Time: 00:22:25

Health: 0/92       AC:  9    Str: 20    XL:     9   Next: 73%
Magic:  0/9        EV:  9    Int:  6    God:    Makhleb [**....]
Gold:   404        SH: 10    Dex: 14    Spells: 8/8 levels left

rFire    . . .     SeeInvis .     - Unarmed
rCold    . . .     Faith    .   g - +2 kite shield {reflect}
rNeg     . . .     Spirit   .   y - +0 steam dragon scales
rPois    .         Reflect  +   C - +2 hat
rElec    .         Harm     .   (no cloak)
rCorr    .         Rampage  .   (gloves unavailable)
Will     .....                  (boots unavailable)
Stlth    ++........             (no amulet)
HPRegen  1.25/turn              f - ring of flight
MPRegen  0.11/turn              (no ring)

@: flying, studying Crossbows
A: large, unfitting armour, claws 3, regeneration 1, shaggy fur 1, tough skin 1,
weak 1
a: Renounce Religion, Minor Destruction


You were on level 1 of the Abyss.
You worshipped Makhleb.
Makhleb was pleased with you.
You visited 1 branch of the dungeon, and saw 10 of its levels.
You visited the Abyss 1 time.

You collected 404 gold pieces.

Inventory:

Hand Weapons
 x - a +0 giant spiked club
   (You took it off an ogre on level 6 of the Dungeon)
Missiles
 k - 25 poisoned darts (quivered)
 s - 4 javelins
 F - 5 boomerangs
 H - 7 boomerangs of dispersal {!f}
Armour
 a - a +0 robe
 g - a +2 kite shield of reflection (worn)
   (You found it on level 1 of the Abyss)
 y - +0 steam dragon scales (worn)
   (You took it off Maggie on level 7 of the Dungeon)
 C - a +2 hat (worn)
   (You found it on level 7 of the Dungeon)
Jewellery
 f - a ring of flight (left claw)
   (You found it on level 7 of the Dungeon)
Wands
 d - a wand of iceblast (6)
   (You found it on level 10 of the Dungeon)
 q - a wand of polymorph (5)
   (You found it on level 5 of the Dungeon)
 u - a wand of paralysis (14)
   (You found it on level 6 of the Dungeon)
 v - a wand of digging (15)
Scrolls
 b - a scroll of fog
 c - a scroll of magic mapping
 i - 3 scrolls of noise {!r}
 m - 3 scrolls of immolation {unknown}
 o - 2 scrolls of enchant armour {unknown}
 w - a scroll of amnesia {unknown}
 D - a scroll of fear
 E - a scroll of identify {@r1}
Potions
 e - 3 potions of haste {@q3}
 h - 4 potions of magic
 j - a potion of invisibility {unknown}
 l - a potion of flight {unknown}
 n - a potion of might
 p - a potion of brilliance
 r - 2 potions of heal wounds {unknown}
 t - 3 potions of ambrosia
 z - a potion of attraction {!q}
 B - a potion of cancellation
Miscellaneous
 G - a lightning rod (4/4) {!a}
   (You found it on level 9 of the Dungeon)


   Skills:
 * Level 6.9 Fighting
 + Level 4.2 Throwing
 + Level 4.7 Dodging
 - Level 2.7 Stealth
 + Level 1.2 Shields
 * Level 8.0 Unarmed Combat
 + Level 2.5 Invocations
 + Level 1.7 Evocations


You had 8 spell levels left.
You didn't know any spells.
Your spell library contained the following spells:

 Spells                   Type           Power      Damage    Failure   Level
 Shock                    Conj/Air       0%         1d3       95%         1
 Swiftness                Air            0%         N/A       100%        3
 Airstrike                Air            0%         N/A       100%        4
 Alistair's Intoxication  Tmut/Pois      0%         N/A       100%        5
 Borgnjor's Vile Clutch   Necr/Erth      0%         N/A       100%        5
 Eringya's Noxious Bog    Tmut/Pois      0%         N/A       100%        6


Dungeon Overview and Level Annotations

Branches:
Dungeon (10/15)            Temple (0/1) D:6
   Lair: D:8-11         Orc: D:9-12

Altars:
Makhleb

Shops:
D:3 [

Annotations:
D:9 Erolcha, Grum


Innate Abilities, Weirdness & Mutations

You are too large for most types of armour.
You have claws for hands.
Your natural rate of healing is unusually fast.
You are covered in fur. (AC +1)
You have tough skin. (AC +1)
You are weak. (Str -2)


Message History

A small abomination comes into view.
The small abomination hits you but does no damage.
You hear a chilling moan.
The small abomination barely misses you.
Something hits you!!
* * * LOW HITPOINT WARNING * * *
You feel your power leaking away.
Deactivating autopickup; reactivate with Ctrl-A.
The small abomination barely misses you.
Something hits you but does no damage.
You block the small abomination's attack.
A large abomination comes into view.
The small abomination hits you but does no damage.
A quasit comes into view.
The small abomination hits you.
* * * LOW HITPOINT WARNING * * *
Okay, then.
As you read the scroll of fog, it crumbles to dust.
The scroll dissolves into smoke.
The small abomination closely misses you.
You mangle the small abomination!!
The small abomination barely misses you.
You mangle the small abomination!!
You destroy the small abomination!
Makhleb accepts your kill.
Your Unarmed Combat skill increases to level 8!
You miss something. Something hits you!!
* * * LOW HITPOINT WARNING * * *
You feel your power leaking away.
It was a potion of ambrosia.
You are confused.
You feel invigorated. Something hits you!
* * * LOW HITPOINT WARNING * * *
You feel your power leaking away.
It was a potion of curing.
You feel better.
You feel less invigorated. Something hits you!!
* * * LOW HITPOINT WARNING * * *
You feel your power leaking away.
You block the large abomination's attack.
You hear a chilling moan.
You feel better.
You hear a shout!
Something hits you.
* * * LOW HITPOINT WARNING * * *
The large abomination closely misses you.
You feel better. Something hits you!!
You die...

#....##...##.#
#. .
.#{##.#....
#....#
.#....#. .
#...##X...## .
..... ##....#
#.#.# {#... #
#.###§§§..## #
. #§{#### # 5
#§X@# .# #.
##### . # #


You could see a large abomination.

Vanquished Creatures
  Maggie (D:7)
  An ancient zyme (Abyss:1)
  A large abomination (Abyss:1)
  A wyvern (D:8)
  2 neqoxecs (Abyss:1)
  A steam dragon (D:9)
  An orc warrior (D:8)
  An ice beast (D:5)
  A black bear (D:6)
  2 necrophages
  An ogre (D:6)
  A centaur (D:6)
  2 kobold brigands
  3 bullfrogs
  2 small abominations (Abyss:1)
  A wyvern zombie (D:6)
  2 scorpions (D:6)
  A wyvern skeleton (D:6)
  3 wights (D:8)
  A howler monkey (D:8)
  A jelly (D:4)
  2 hounds
  An orc priest (D:8)
  4 bullfrog skeletons
  4 iguanas
  3 orc wizards
  A hound skeleton (D:4)
  5 gnolls
  7 adders
  A shadow imp (D:7)
  2 white imps
  An ufetubus (D:7)
  2 worms (D:3)
  A dart slug (D:1)
  21 orcs
  6 ball pythons
  9 endoplasms
  2 giant cockroaches (D:1)
  6 goblins
  8 hobgoblins
  6 jackals
  5 quokkas
  4 bats
  A frilled lizard (D:1)
  31 kobolds
  3 rats
166 creatures vanquished.

Vanquished Creatures (others)
  21 plants (D:5)
21 creatures vanquished.

Grand Total: 187 creatures vanquished

Notes
Turn   | Place    | Note
-------+----------+-------------------------------------------
     0 | D:5      | Brandom the Troll Delver began the quest for the Orb.
     0 | D:5      | Reached XP level 1. HP: 22/22 MP: 0/0
     2 | D:5      | Upgraded the game from 0.27-a0-1384-g1422d76b99 to
                  | 0.27-a0-1416-g941b2bd30b
    93 | D:3      | Noticed an orc wizard
   160 | D:3      | Reached XP level 2. HP: 27/29 MP: 1/1
   163 | D:3      | Found Bialie's Antique Armour Shop.
   233 | D:3      | Reached XP level 3. HP: 22/37 MP: 2/2
   299 | D:2      | Reached skill level 3 in Unarmed Combat
   405 | D:1      | Reached XP level 4. HP: 43/45 MP: 3/3
  1532 | D:3      | Found Bialie's Antique Armour Shop.
  1823 | D:4      | Identified the +4 quarterstaff of Guakkips {vorpal, Int+4}
  1845 | D:4      | Reached XP level 5. HP: 48/53 MP: 4/4
  1938 | D:4      | Reached skill level 1 in Throwing
  1938 | D:4      | Reached skill level 4 in Unarmed Combat
  1994 | D:4      | Reached XP level 6. HP: 46/62 MP: 5/5
  2328 | D:4      | Found a burning altar of Makhleb.
  2346 | D:4      | Became a worshipper of Makhleb the Destroyer
  2458 | D:5      | Reached XP level 7. HP: 41/71 MP: 6/6
  2482 | D:5      | Reached * piety under Makhleb
  2678 | D:5      | Reached skill level 5 in Unarmed Combat
  3435 | D:6      | Reached skill level 5 in Fighting
  3471 | D:6      | Found a staircase to the Ecumenical Temple.
  3546 | D:6      | Reached XP level 8. HP: 30/80 MP: 7/7
  3570 | D:6      | Reached skill level 6 in Unarmed Combat
  3664 | D:6      | Reached ** piety under Makhleb
  4160 | D:7      | Noticed Maggie
  4169 | D:7      | Killed Maggie
  4170 | D:7      | Reached skill level 1 in Invocations
  4275 | D:7      | You are sucked into a shaft and drop 3 floors!
  4275 | D:10     | Entered Level 10 of the Dungeon
  4276 | D:10     | Noticed a two-headed ogre
  4338 | D:9      | Reached skill level 7 in Unarmed Combat
  4339 | D:9      | Noticed Erolcha
  4405 | D:8      | Reached XP level 9. HP: 71/89 MP: 7/9
  4685 | D:8      | Reached skill level 1 in Evocations
  4820 | D:7      | You are sucked into a shaft and drop 2 floors!
  4823 | D:9      | Noticed a cyclops
  4829 | D:9      | Noticed Grum
  4867 | D:9      | Cast into level 1 of the Abyss (Erolcha)
  4867 | Abyss:1  | Found a corrupted altar of Lugonu.
  4908 | Abyss:1  | Noticed a fire crab
  4910 | Abyss:1  | Noticed a cane toad
  4910 | Abyss:1  | a fire crab changed into a cane toad
  4938 | Abyss:1  | Noticed an ancient zyme
  4947 | Abyss:1  | Killed an ancient zyme
  5040 | Abyss:1  | Gained mutation: You are weak. (Str -2) [a neqoxec]
  5083 | Abyss:1  | Reached skill level 1 in Shields
  5110 | Abyss:1  | Noticed a hell knight
  5119 | Abyss:1  | Noticed a hell knight
  5119 | Abyss:1  | Noticed a hell knight
  5147 | Abyss:1  | Noticed a large abomination
  5160 | Abyss:1  | Reached skill level 8 in Unarmed Combat
  5162 | Abyss:1  | HP: 2/92 [something (25)]
  5164 | Abyss:1  | Slain by a lorocyproca

Illustrated notes

Levels and vault maps discovered:
D:1:      amcnicky_arrival_choice, layout_rooms, serial_glass, glass_columns_b,
          glass_columns_c, hangedman_decor_push
D:2:      cheibrodos_helix_gallery, layout_loops_ring,
          chequers_serial_rivers_marsh
D:3:      layout_rooms, serial_shops, shop
D:4:      layout_cave_pools, makhleb_blood_cavern_becter
D:5:      kennysheep_kobold_camp, layout_basic
D:6:      layout_cave_pools, minmay_temple_entry_glass, minmay_manual_maat
D:7:      layout_cave_pools, kennysheep_big_empty_room, uniq_maggie
D:8:      layout_basic
D:9:      layout_rooms, uniq_maurice, uniq_grum, uniq_erolcha
D:10:     layout_loops_ring, gammafunk_ghost_hive, uniq_joseph
Abyss:1:  base:
D:3

Skill      XL: |  1  2  3  4  5  6  7  8  9 |
---------------+----------------------------+-----
Fighting       | 3 4 5 6 |  6.9
Dodging        | 2 3 4 |  4.7
Unarmed Combat | 3 4 5 7 8 |  8.0
Throwing       | 1 2 3 4 |  4.2
Invocations    | 1 2 |  2.5
Evocations     | 1 |  1.7
Shields        | 1 |  1.2
Stealth        | |  2.7

Action                   |  1- 3 |  4- 6 |  7- 9 || total
-------------------------+-------+-------+-------++-------
Melee: Unarmed           |    76 |   163 |   275 ||   514
       Punch             |     2 |     1 |     8 ||    11
Evoke: Wand              |       |       |     2 ||     2
  Use: Scroll            |       |       |    10 ||    10
       Potion            |       |       |     4 ||     4
 Stab: Sleeping          |       |     4 |     3 ||     7
       Distracted        |       |     1 |       ||     1
       Paralysed         |       |       |     3 ||     3
Armor: Robe              |    37 |    31 |    48 ||   116
       Steam dragon scal |       |       |    24 ||    24
Dodge: Dodged            |    54 |    92 |   110 ||   256
Block: Kite shield       |       |       |    18 ||    18

Table legend: (Time is in decaauts)
 A = Elapsed time spent in this place.
 B = Non-inter-level travel time spent in this place.
 C = Inter-level travel time spent in this place.
 D = Time resting spent in this place.
 E = Time spent auto-exploring this place.
 F = Levels seen in this place.
 G = Mean time per level.
                   A        B        C        D        E       F      G
               +--------+--------+--------+--------+--------+-----+--------+
         Total |   5137 |   4848 |    289 |    197 |   3172 |  11 |  467.0 |
       Dungeon |   4834 |   4545 |    289 |    197 |   3041 |  10 |  483.4 |
         Abyss |    302 |    302 |      0 |      0 |    131 |   1 |  302.0 |
               +--------+--------+--------+--------+--------+-----+--------+

Top non-repeatable levels by time:
     D:5: 1031 daAuts
     D:2: 678 daAuts
     D:6: 646 daAuts
     D:3: 639 daAuts
     D:4: 581 daAuts
     D:1: 442 daAuts
     D:8: 390 daAuts
     D:7: 312 daAuts
 Abyss:1: 302 daAuts
     D:9: 56 daAuts
    D:10: 53 daAuts
